 Dungeon Crawl Stone Soup version 0.27.1 (webtiles) character file.

Game seed: 6541431424129231342

1045 doodles the Cleaver (level 8, 0/66 (70) HPs)
             Began as a Hill Orc Fighter on Aug 23, 2021.
             Slain by a wight (7 damage)
             ... on level 5 of the Dungeon.
             The game lasted 00:32:10 (6193 turns).

doodles the Cleaver (Hill Orc Fighter)              Turns: 6193, Time: 00:32:13

HP:   0/66 (70)     AC:  8    Str: 27    XL:     8   Next: 25%
MP:   8/8           EV: 10    Int:  8    God:
Gold: 154           SH:  0    Dex: 10    Spells: 7/7 levels left

rFire    . . .     SeeInvis .   J - +9 great sword of Caanut {venom, Will+}
rCold    . . .     Faith    .   (shield currently unavailable)
rNeg     . . .     Spirit   .   b - +0 scale mail
rPois    .         Reflect  .   (no helmet)
rElec    .         Harm     .   (no cloak)
rCorr    .         Rampage  .   (no gloves)
Will     +....                  u - +0 pair of boots
Stlth    ..........             (no amulet)
HPRegen  0.21/turn              q - +6 ring of strength
MPRegen  0.11/turn              F - +4 ring of slaying

@: drained
A: no striking features
a: no special abilities


You were on level 5 of the Dungeon.
You visited 1 branch of the dungeon, and saw 5 of its levels.

You collected 154 gold pieces.

Inventory:

Hand Weapons
 a - a +0 war axe
 y - a +3 quarterstaff of chaos
 G - a +0 hunting sling
 H - a +4 short sword
 J - the +9 great sword of Caanut (weapon) {venom, Will+}
   (You found it on level 4 of the Dungeon)

   It poisons the flesh of those it strikes.
   Will:      It increases your willpower.
Missiles
 f - 98 stones
 h - 26 bolts
 t - 10 poisoned darts (quivered)
 E - 50 arrows
Armour
 b - a +0 scale mail (worn)
 s - a +0 buckler
 u - a +0 pair of boots (worn)
 z - a +0 cloak of stealth
Magical Staves
 e - a staff of earth
 o - a staff of conjuration
Jewellery
 q - a +6 ring of strength (left hand)
 F - a +4 ring of slaying (right hand)
Wands
 B - a wand of flame (16)
Scrolls
 g - a scroll of enchant armour {unknown}
 i - a scroll of vulnerability {unknown}
 k - a scroll of magic mapping {unknown}
 m - a scroll of silence {unknown}
 n - a scroll of immolation {unknown}
 r - a scroll of brand weapon {unknown}
 A - a scroll of fear {unknown}
 C - 2 scrolls of identify {unknown}
 D - a scroll of amnesia {unknown}
Potions
 c - a potion of resistance {unknown}
 d - 3 potions of might
 j - a potion of cancellation {unknown}
 l - a potion of lignification {unknown}
 p - a potion of attraction {unknown}
 v - a potion of mutation {unknown}
 w - a potion of brilliance {unknown}
 x - 5 potions of curing {unknown}
 I - a potion of flight {unknown}
 K - a potion of haste {unknown}


   Skills:
 * Level 6.0 Fighting
 * Level 3.5 Long Blades
 - Level 8.2 Axes
 + Level 0.5 Throwing
 + Level 5.0 Armour
 + Level 1.2 Dodging
 + Level 0.5 Stealth
 + Level 4.1 Shields


You had 7 spell levels left.
You didn't know any spells.
Your spell library contained the following spells:

 Spells                   Type           Power      Damage    Failure   Level
 Freeze                   Ice            0%         1d3       67%         1
 Corpse Rot               Necr/Air       N/A        N/A       80%         2
 Frozen Ramparts          Ice            0%         1d2       95%         3
 Dispel Undead            Necr           0%         3d6       100%        4
 Hailstorm                Conj/Ice       0%         3d3       100%        4
 Death Channel            Necr           0%         N/A       100%        6


Dungeon Overview and Level Annotations

Branches:
Dungeon (5/15)
 Temple: D:4-7

Altars:
Cheibriados
Hepliaklqana
Qazlal
Wu Jian
The Shining One

Shops:
D:4 *


Message History

The wight hits you with a +0 spear!
Things that are here:
a +0 falchion; a +0 robe You barely miss the wight.
The wight hits you but does no damage. The wight hits you with a +0 spear.
You feel drained.
You slice the wight!!
You destroy the wight!
Your life force feels restored.
Things that are here:
a +0 spear; a +0 robe
Things that are here:
a +0 falchion; a +0 robe You start resting.
A wight comes into view. It is wielding a +0 great sword.
Things that are here:
a +0 falchion; a +0 robe A wight is nearby!
Things that are here:
a +0 spear; a +0 robe The wight barely misses you.
Things that are here:
a +0 falchion; a +0 robe You closely miss the wight.
The wight hits you with a +0 great sword!
You feel drained.
You hit the wight.
The wight is heavily damaged.
The wight hits you with a +0 great sword.
You feel drained.
The wight hits you with a +0 great sword!
You closely miss the wight.
The wight is heavily damaged.
The wight hits you with a +0 great sword.
You barely miss the wight.
The wight is heavily damaged.
The wight barely misses you.
The wight hits you with a +0 great sword!
* * * LOW HITPOINT WARNING * * *
You feel drained.
You die...

#.#.#.#.# #.#
#.####.#.#.#.##
#..........#..
######.#.#.#.#
# #.#.###.###.#
#...........#
#.#.#........>#
#.....#.#z###.#
###.###.#@# #.#
#..)#
......#.....#
.#############
#. #


You could see a wight.

Vanquished Creatures
  Grinder (D:3)
  A necrophage (D:5)
  3 ogres
  A phantom (D:2)
  2 wights (D:5)
  Crazy Yiuf (D:3)
  4 bullfrog skeletons (D:5)
  An iguana (D:5)
  An orc wizard (D:3)
  6 adders
  2 worms
  3 dart slugs
  3 orcs (D:3)
  9 endoplasms
  3 giant cockroaches
  7 goblins
  9 hobgoblins
  11 jackals
  8 kobolds
  9 quokkas
  8 ball pythons
  3 bats (D:1)
  5 frilled lizards
  7 rats
108 creatures vanquished.

Vanquished Creatures (others)
  37 fungi (D:3)
37 creatures vanquished.

Grand Total: 145 creatures vanquished

Notes
Turn   | Place    | Note
-------+----------+-------------------------------------------
     0 | D:1      | doodles the Hill Orc Fighter began the quest for the Orb.
     0 | D:1      | Reached XP level 1. HP: 19/19 MP: 1/1
   494 | D:1      | Reached XP level 2. HP: 27/27 MP: 2/2
   603 | D:1      | Reached skill level 3 in Axes
   843 | D:1      | Reached XP level 3. HP: 27/33 MP: 3/3
  1029 | D:1      | Found a faded altar of an unknown god.
  1737 | D:2      | Reached skill level 4 in Axes
  1764 | D:2      | Reached XP level 4. HP: 40/40 MP: 4/4
  2389 | D:2      | Noticed a phantom
  2401 | D:2      | Killed a phantom
  2402 | D:2      | Reached skill level 5 in Axes
  2402 | D:2      | Reached XP level 5. HP: 43/47 MP: 5/5
  2634 | D:3      | Found a snail-covered altar of Cheibriados.
  2673 | D:3      | Found a stormy altar of Qazlal.
  2760 | D:3      | Found a glowing golden altar of the Shining One.
  2839 | D:3      | Found an ornate altar of the Wu Jian Council.
  2981 | D:3      | Noticed an ogre
  3577 | D:3      | Noticed Grinder
  3579 | D:3      | Paralysed by Grinder for 4 turns
  3631 | D:3      | Killed Grinder
  3632 | D:3      | Reached skill level 7 in Axes
  3632 | D:3      | Reached XP level 6. HP: 10/55 MP: 6/6
  3974 | D:3      | Reached skill level 5 in Fighting
  3974 | D:3      | Reached XP level 7. HP: 43/61 MP: 7/7
  4255 | D:3      | Found a runed translucent door.
  4256 | D:3      | Noticed Crazy Yiuf
  4341 | D:3      | Killed Crazy Yiuf
  4434 | D:4      | Found Ygibbo's General Store.
  4452 | D:4      | Reached skill level 1 in Dodging
  4945 | D:4      | Reached skill level 8 in Axes
  5333 | D:4      | Identified the +9 great sword of Caanut {venom, Will+}
  5764 | D:5      | Entered Level 5 of the Dungeon
  5832 | D:5      | Found a hazy altar of Hepliaklqana.
  5856 | D:5      | Reached skill level 1 in Long Blades
  5856 | D:5      | Reached XP level 8. HP: 70/70 MP: 8/8
  6170 | D:5      | Reached skill level 5 in Armour
  6193 | D:5      | Slain by a wight

Illustrated notes

Levels and vault maps discovered:
D:1:      dpeg_arrival_short_road, layout_basic,
          hellmonk_ecumenical_altar_heavens_door
D:2:      layout_basic
D:3:      layout_loops_ring, mainiacjoe_overflow_paths,
          mainiacjoe_overflow_surrounded_room,
          mainiacjoe_overflow_catch_the_wave, uniq_crazy_yiuf_cottage,
          uniq_grinder
D:4:      layout_basic, serial_shops, nicolae_diamond_shop,
          gup_sewer_entry_pipe, hangedman_decor_riveting
D:5:      layout_basic, mainiacjoe_overflow_brackets, amcnicky_mini_pool_small

Skill      XL: |  1  2  3  4  5  6  7  8 |
---------------+-------------------------+-----
Axes           | 3 4 5 7 8 |  8.2
Fighting       | 4 5 6 |  6.0
Shields        | 4 |  4.1
Armour         | 4 5 |  5.0
Dodging        | 1 |  1.2
Long Blades    | 1 3 |  3.5
Throwing       | |  0.5
Stealth        | |  0.5

Action                   |  1- 3 |  4- 6 |  7- 9 || total
-------------------------+-------+-------+-------++-------
Melee: War axe           |   118 |   119 |    46 ||   283
       Great sword       |       |       |    39 ||    39
Throw: Stone             |       |     3 |       ||     3
       Dart              |       |     2 |     4 ||     6
Armor: Scale mail        |    75 |    35 |    29 ||   139
Dodge: Dodged            |    51 |    26 |    38 ||   115
Block: Kite shield       |    84 |    19 |       ||   103
       Buckler           |       |     2 |     1 ||     3
       Rpst.: Great sword |       |       |     5 ||     5
